 Dungeon Crawl Stone Soup version 0.24-a0-280-g7cec4da (webtiles) character file.

Game seed: 17165049020713046936

276675 CaveCrawler the Omniscient (level 20, -7/158 HPs)
             Began as a Gnoll Skald on Apr 30, 2019.
             Was the Champion of Ashenzari.
             Mangled by an ironbrand convoker
             ... wielding a +0 dire flail
              (20 damage)
             ... while paralysed by an ogre mage
             ... on level 2 of the Vaults on May 1, 2019.
             The game lasted 02:57:18 (34666 turns).

CaveCrawler the Omniscient (Gnoll Skald)           Turns: 34666, Time: 02:57:18

Health: -7/158     AC: 25    Str: 24    XL:     20   Next: 37%
Magic:  46/46      EV:  2    Int: 28    God:    Ashenzari [******]
Gold:   2287       SH:  0    Dex: 16    Spells: 5/46 levels left

rFire    . . .     SeeInvis +   c - +9 Maxwell's thermic engine {flame, freeze} (curse)
rCold    + . .     Gourm    .   v - +0 shield (curse)
rNeg     . . .     Faith    .   U - +1 leather armour of Gluttony {Regen+ rCorr MP+9 Int+4}
rPois    +         Spirit   .   M - +2 helmet {Int+3}
rElec    .         Reflect  +   B - +2 cloak {rPois} (curse)
rCorr    +         Harm     .   P - +0 pair of gloves "Loirch" {rC+ Str+3} (curse)
MR       +....     Clarity  +   S - +2 pair of boots (curse)
Stlth    ++++++....             I - +4 amulet of reflection
HPRegen  0.76/turn              z - ring of Reimbursement {Int+5 Slay+3} (curse)
MPRegen  0.30/turn              u - +5 ring of protection

@: paralysed
A: distributed training, fangs 1, slimy green scales 1, dopey 1, strong 1,
MP-powered wands, strong nose
}: 2/15 runes: barnacled, gossamer
a: Curse Item, Scrying, Renounce Religion


You were on level 2 of the Vaults.
You worshipped Ashenzari.
Ashenzari was exalted by your worship.
You were not hungry.

You visited 7 branches of the dungeon, and saw 34 of its levels.
You also visited: Bailey and Wizlab.

You collected 3326 gold pieces.
You spent 1039 gold pieces at shops.

Inventory:

Hand Weapons
 c - the cursed +9 Maxwell's thermic engine (weapon) {flame, freeze}
   (You bought it in a shop on level 2 of the Orcish Mines)

   It has been specially enchanted to burn those struck by it, causing extra
   injury to most foes and up to half again as much damage against particularly
   susceptible opponents.
   Big, fiery blades are also staple armaments of hydra-hunters.
   It has been specially enchanted to freeze those struck by it, causing extra
   injury to most foes and up to half again as much damage against particularly
   susceptible opponents.
   It has a curse placed upon it.
 i - the +11 flail of Lurula {holy, rElec}
   (You found it on level 7 of the Dungeon)

   It has been blessed by the Shining One to cause great damage to the undead
   and demons.
   It insulates you from electricity.
Missiles
 y - 33 javelins of returning (quivered)
Armour
 v - a cursed +0 shield (worn)
 B - a cursed +2 cloak of poison resistance (worn)
 K - the +3 pair of gloves of Irisk {rElec rPois rF-}
   (You found it on level 3 of the Spider Nest)

   It makes you vulnerable to fire.
   It insulates you from electricity.
   It protects you from poison.
 M - a +2 helmet of intelligence (worn)
 P - the cursed +0 pair of gloves "Loirch" (worn) {rC+ Str+3}
   (You found it in a wizard's laboratory)

   It affects your strength (+3).
   It protects you from cold.
   It has a curse placed upon it.
 S - a cursed +2 pair of boots (worn)
 U - the +1 leather armour of Gluttony (worn) {Regen+ rCorr MP+9 Int+4}
   (You found it in a wizard's laboratory)

   It affects your intelligence (+4).
   It affects your magic capacity (+9).
   It increases your rate of regeneration.
   It provides partial protection from all sources of acid and corrosion.
Jewellery
 b - the ring of Pragmatism {rCorr rF+}
   (You found it on level 10 of the Dungeon)

   [ring of resist corrosion]

   It protects you from fire.
 s - an uncursed amulet of regeneration
 u - a +5 ring of protection (right hand)
 x - the ring "Mayn" {*Drain +Fly Int+3 Dex+7}
   (You found it on level 1 of the Vaults)

   [ring of flight]

   It affects your intelligence (+3).
   It affects your dexterity (+7).
   It lets you fly.
   It causes draining when unequipped.
 z - the cursed ring of Reimbursement (left hand) {Int+5 Slay+3}
   (You found it on level 3 of the Spider Nest)

   [ring of slaying]

   It affects your intelligence (+5).
   It affects your accuracy and damage with ranged weapons and melee attacks
   (+3).
   It has a curse placed upon it.
 E - an uncursed ring of positive energy
 G - the ring "Riehug" {rPois rC+}
   (You found it in a bailey)

   [ring of protection from cold]

   It protects you from cold.
   It protects you from poison.
 I - a +4 amulet of reflection (around neck)
 X - an uncursed amulet of the gourmand
Wands
 h - a wand of paralysis (27)
 t - a wand of flame (39)
 A - a wand of acid (15)
 R - a wand of digging (8)
Scrolls
 g - 2 scrolls of enchant armour
 j - 8 scrolls of teleportation
 k - 5 scrolls of amnesia
 l - 4 scrolls of fog
 m - 2 scrolls of enchant weapon
 o - 6 scrolls of remove curse
 w - 6 scrolls of magic mapping
 J - 3 scrolls of fear
 N - 2 scrolls of blinking
 O - 5 scrolls of identify
 Q - a scroll of brand weapon
 W - a scroll of silence
Potions
 a - a potion of resistance
 e - 4 potions of berserk rage
 f - 14 potions of curing
 n - 3 potions of agility
 p - 8 potions of flight
 q - 4 potions of ambrosia
 r - 6 potions of invisibility
 C - 5 potions of haste
 H - 5 potions of brilliance
 L - a potion of cancellation
 V - 2 potions of might
 Y - a potion of magic
 Z - 4 potions of heal wounds
Miscellaneous
 T - a lightning rod (4/4)
Comestibles
 d - 62 rations


   Skills:
 + Level 13.7 Fighting
 + Level 13.1 Short Blades
 + Level 13.1(17.2) Long Blades
 + Level 13.1 Axes
 + Level 13.1 Maces & Flails
 + Level 13.7 Polearms
 + Level 13.1 Staves
 + Level 13.1 Slings
 + Level 13.1 Bows
 + Level 13.1 Crossbows
 + Level 13.1 Throwing
 + Level 13.3 Armour
 + Level 13.7(16.3) Dodging
 + Level 13.1(15.7) Stealth
 + Level 13.1(15.7) Shields
 + Level 13.1 Unarmed Combat
 + Level 13.8 Spellcasting
 + Level 11.2 Conjurations
 + Level 11.2 Hexes
 + Level 12.3 Charms
 + Level 11.2 Summonings
 + Level 11.2 Necromancy
 + Level 11.2 Translocations
 + Level 11.2 Transmutations
 + Level 11.2 Fire Magic
 + Level 11.2 Ice Magic
 + Level 11.2 Air Magic
 + Level 11.2 Earth Magic
 + Level 11.2 Poison Magic
 + Level 14.1 Invocations
 + Level 13.1 Evocations


You had 5 spell levels left.
You knew the following spells:

 Your Spells              Type           Power        Failure   Level  Hunger
a - Tukima's Dance        Hex            ######..     1%          3    None
b - Swiftness             Chrm/Air       ######..     1%          2    None
c - Spectral Weapon       Hex/Chrm       ######..     1%          3    None
d - Regeneration          Chrm/Necr      ######....   1%          3    None
e - Dazzling Spray        Conj/Hex       ######       1%          3    None
f - Apportation           Tloc           ######       1%          1    None
g - Confusing Touch       Hex            ######       1%          1    None
h - Sticky Flame          Conj/Fire      ######..     1%          4    None
i - Conjure Flame         Conj/Fire      ######..     1%          3    None
j - Force Lance           Conj/Tloc      ######..     1%          4    None
k - Yara's Violent Unrav  Hex/Tmut       ######....   1%          5    #......
l - Passwall              Tmut/Erth      ######..     1%          2    None
m - Poisonous Vapours     Pois/Air       ######       1%          2    None
n - Aura of Abjuration    Summ           ######....   1%          5    #......

Your spell library contained the following spells:

 Spells                   Type           Power        Failure   Level  Hunger
 Animate Skeleton         Necr           N/A          1%          1    None
 Corona                   Hex            ######.      1%          1    None
 Flame Tongue             Conj/Fire      #####        1%          1    None
 Infusion                 Chrm           ####         1%          1    None
 Magic Dart               Conj           ####         1%          1    None
 Pain                     Necr           ####         1%          1    None
 Sandblast                Erth           ######       1%          1    None
 Shock                    Conj/Air       ####         1%          1    None
 Summon Small Mammal      Summ           ####         1%          1    None
 Blink                    Tloc           N/A          1%          2    None
 Call Imp                 Summ           ######..     1%          2    None
 Corpse Rot               Necr           N/A          1%          2    None
 Ensorcelled Hibernation  Hex/Ice        ######       1%          2    None
 Searing Ray              Conj           ######       1%          2    None
 Shroud of Golubria       Chrm/Tloc      ######....   1%          2    None
 Slow                     Hex            ######..     1%          2    None
 Song of Slaying          Chrm           ######..     1%          2    None
 Throw Flame              Conj/Fire      ######       1%          2    None
 Confuse                  Hex            ######..     1%          3    None
 Gell's Gravitas          Tloc           ######....   1%          3    None
 Inner Flame              Hex/Fire       ######..     1%          3    None
 Lesser Beckoning         Tloc           ######....   1%          3    None
 Mephitic Cloud           Conj/Pois/Air  ######..     1%          3    None
 Recall                   Summ/Tloc      N/A          1%          3    None
 Static Discharge         Conj/Air       ######..     1%          3    None
 Stone Arrow              Conj/Erth      ######       1%          3    None
 Teleport Other           Tloc           ######..     1%          3    None
 Vampiric Draining        Necr           ######....   1%          3    None
 Airstrike                Air            ######....   1%          4    None
 Animate Dead             Necr           N/A          1%          4    None
 Fulminant Prism          Conj/Hex       ######....   1%          4    None
 Iskenderun's Mystic Bla  Conj           ######..     1%          4    None
 Leda's Liquefaction      Hex/Erth       ######....   1%          4    None
 Passage of Golubria      Tloc           N/A          1%          4    None
 Petrify                  Tmut/Erth      ######..     1%          4    None
 Bolt of Magma            Conj/Fire/Erth ######....   1%          5    #......
 Fireball                 Conj/Fire      ######....   1%          5    #......
 Iskenderun's Battlesphe  Conj/Chrm      ######..     1%          5    #......
 Lee's Rapid Deconstruct  Erth           ######....   1%          5    #......
 Lightning Bolt           Conj/Air       ######....   1%          5    #......
 Metabolic Englaciation   Hex/Ice        ######....   1%          5    #......
 Summon Demon             Summ           ######....   1%          5    #......
 Summon Forest            Summ/Tloc      ######....   1%          5    #......
 Summon Mana Viper        Hex/Summ       ######..     1%          5    #......
 Venom Bolt               Conj/Pois      ######....   1%          5    #......
 Freezing Cloud           Conj/Ice/Air   ######....   4%          6    ####...
 Hydra Form               Tmut           ######....   4%          6    ####...
 Iron Shot                Conj/Erth      ######....   4%          6    ####...
 Shadow Creatures         Summ           N/A          4%          6    ####...
 Ring of Flames           Chrm/Fire      ######....   21%         7    ######.
 Orb of Destruction       Conj           ######....   26%         7    ######.
 Spellforged Servitor     Conj/Summ      ######....   26%         7    ######.
 Summon Hydra             Summ           ######....   26%         7    ######.
 Ignition                 Fire           ######....   89%         8    #######
 Shatter                  Erth           ######....   100%        9    #######
 Tornado                  Air            ######....   100%        9    #######


Dungeon Overview and Level Annotations

Branches:
Dungeon (15/15)            Temple (1/1) D:7            Lair (6/6) D:10
 Shoals (4/4) Lair:3       Spider (4/4) Lair:2        Slime (0/5) Lair:5
    Orc (2/2) D:9             Elf (0/3) Orc:2        Vaults (2/5) D:14
 Depths (0/5) D:15
  Crypt: Vaults:2-3

Altars:
Ashenzari
Cheibriados
Dithmenos
Elyvilon
Fedhas
Gozag
Hepliaklqana
Kikubaaqudgha
Makhleb
Nemelex Xobeh
Okawaru
Qazlal
Ru
Sif Muna
Trog
Uskayaw
Vehumet
Wu Jian
Xom
Yredelemnul
Zin
The Shining One
Beogh
Jiyva

Shops:
D:6 *   D:10 }   Orc:2 =(*[   Shoals:1 [   Shoals:4 *


Innate Abilities, Weirdness & Mutations

Your experience applies equally to all skills.
You have very sharp teeth.
Your uncanny sense of smell can sniff out nearby items.
You are partially covered in slimy green scales. (AC +2)
You are dopey. (Int -2)
Your muscles are strong. (Str +2)
You expend magic power (3 MP) to strengthen your wands.


Message History

The ironheart preserver barely misses you.
The ice beast hits you but does no damage.
The ironbrand convoker casts a spell at the earth elemental.
The earth elemental seems to grow stronger.
The ogre mage hits you but does no damage.
The two-headed ogre hits you with a +0 giant club!!
* * * LOW HITPOINT WARNING * * *
The two-headed ogre hits you with a +0 giant club!!
* * * LOW HITPOINT WARNING * * *
The ogre mage points at the ogre mage and mumbles some strange words.
The ogre mage seems to speed up.
The deep elf mage hits you but does no damage. x2
The great orb of eyes gazes at you. You resist with some effort.
The ice beast hits you but does no damage.
The ironheart preserver casts a spell.
The ironheart preserver is healed somewhat.
The deep elf archer blinks!
The ironbrand convoker hits you with a +0 dire flail!!
You die...

#, ,, ,, {* * ,** *, #, ,
,,, , ,,, * #**** ***** *
, , ,, , # ***,, ,,
#####################+##
*
........................
,
................Y.......
,
.............E.peGO.....
,
...............e@OO.ยง...
,*
..............)EpYO.....,
*
.................E......
, *
########################
** # # # #


You could see an ironheart preserver, a great orb of eyes, a two-headed ogre, 3
ogre magi, an ironbrand convoker, 3 earth elementals, 2 deep elf magi and 2 ice
beasts.

Vanquished Creatures
  Mara (Spider:4)
  Saint Roka (Orc:2)
  Arachne (Spider:2)
  An electric golem (WizLab)
  Jorgrun (D:15)
  Gastronok (D:8)
  Agnes (D:14)
  Frances (Spider:2)
  Kirke (Shoals:2)
  The ghost of Pooter the Warrior, a journeyman MiBe of Trog (Spider:3)
  Ilsuiw (Shoals:2)
  A frost giant (Shoals:4)
  A vault warden (Vaults:2)
  Aizul (Spider:1)
  7 emperor scorpions (Spider:4)
  3 ghost moths (Spider:4)
  An orc warlord (Orc:2)
  4 war gargoyles (WizLab)
  3 ironheart preservers
  2 stone giants
  4 entropy weavers
  A spark wasp (Spider:4)
  5 merfolk javelineers
  8 merfolk impalers
  Josephine (Lair:4)
  A crystal guardian (WizLab)
  A great orb of eyes (Vaults:1)
  A fire dragon (Vaults:2)
  The ghost of Pooter the Fighter, a journeyman GrBe of Trog (Lair:3)
  2 rakshasas
  4 merfolk avatars
  A catoblepas (Lair:6)
  8 centaur warriors
  4 hydras
  3 death knights
  9 two-headed ogres
  2 alligator snapping turtles (Shoals:4)
  An ogre mage (Vaults:2)
  2 merfolk aquamancers (Shoals:4)
  3 satyrs (Shoals:4)
  A tengu warrior (D:14)
  A deep troll shaman (Vaults:1)
  7 death yaks
  An orc high priest (Orc:2)
  3 deep elf knights (Vaults:1)
  2 iron golems (WizLab)
  A shadow wraith (Vaults:2)
  8 sea snakes
  4 deep trolls
  A kraken simulacrum (Shoals:4)
  2 flayed ghosts
  2 phantasmal warriors (Vaults:2)
  10 deep elf magi
  3 wizards
  7 harpies
  24 orb spiders
  An orb spider (shapeshifter) (Vaults:1)
  4 ironbrand convokers
  11 orc knights
  26 ugly things
  2 wolf spider zombies
  4 fauns
  A mana viper (shapeshifter) (D:15)
  7 orc sorcerers
  39 wolf spiders
  13 manticores
  10 cyclopes
  A moth of wrath (Spider:4)
  A toenail golem (WizLab)
  A vault sentinel (Vaults:2)
  Psyche (D:9)
  8 elephants (Lair:6)
  Joseph (D:8)
  6 black mambas
  7 water nymphs
  10 merfolk sirens
  A torpor snail (Lair:2)
  4 gargoyles
  18 spiny frogs
  4 orange demons (D:14)
  2 efreet (D:13)
  4 rime drakes
  7 komodo dragons
  A freezing wraith (Vaults:1)
  An entropy weaver simulacrum (Vaults:1)
  16 demonic crawlers
  4 yaktaurs (Vaults:2)
  24 merfolk
  A tengu conjurer (D:14)
  37 jumping spiders
  4 red devils (D:14)
  10 trolls
  A queen bee (Spider:4)
  4 polar bears
  3 meliai (Spider:4)
  5 wind drakes
  Grinder (D:3)
  11 hornets
  4 blink frogs (Lair:2)
  14 hippogriffs
  8 slime creatures
  10 snapping turtles
  Prince Ribbit (Lair:2)
  13 dream sheep
  92 redbacks
  2 shadows
  35 tarantellas
  3 vampires
  67 yaks
  A tarantella (shapeshifter) (D:15)
  4 wraiths
  A human (D:7)
  2 water elementals
  6 wyverns
  8 hogs
  2 basilisks
  2 hungry ghosts
  A vampire mosquito (D:9)
  A soldier ant (D:14)
  4 wargs
  A harpy simulacrum (D:15)
  53 orc warriors
  5 porcupines
  12 water moccasins
  3 ice beasts
  2 sky beasts
  2 black bears
  4 phantoms
  3 eyes of draining
  16 ogres
  5 wolves (Lair:2)
  13 centaurs
  7 crocodiles
  2 big kobolds
  Blork the orc (Orc:2)
  12 bullfrogs
  A wyvern skeleton (D:14)
  10 earth elementals
  A wyvern zombie (D:15)
  9 scorpions
  A water moccasin skeleton (D:6)
  13 killer bees
  5 wights (D:7)
  3 electric eels
  5 howler monkeys
  7 crimson imps
  2 centaur zombies
  2 jellies
  3 bullfrog zombies (D:12)
  20 orc priests
  Crazy Yiuf (D:3)
  3 centaur skeletons
  4 hounds
  31 orc wizards
  2 iguanas
  A bullfrog skeleton (D:11)
  Ijyb (D:3)
  11 worker ants
  A hound skeleton (D:4)
  11 gnolls
  10 adders
  A shadow imp (D:8)
  An ooze (D:4)
  2 adder skeletons
  2 worms
  2 dart slugs
  A leopard gecko (D:8)
  96 orcs
  2 ball pythons
  6 bats
  3 giant cockroaches
  14 goblins
  15 hobgoblins
  8 jackals
  2 quokkas
  3 frilled lizards
  14 kobolds
  A quokka skeleton (D:5)
  7 rats
  2 fungi
  A tentacle (Shoals:4)
1253 creatures vanquished.

Vanquished Creatures (collateral kills)
  2 merfolk javelineers
  A merfolk impaler (Shoals:4)
  A merfolk aquamancer (Shoals:4)
  A water nymph (Shoals:4)
  2 merfolk sirens (Shoals:4)
  An orc warrior (Orc:2)
  An orc wizard (Orc:2)
  7 orcs
16 creatures vanquished.

Vanquished Creatures (others)
  A harpy (Shoals:4)
  A yaktaur (Vaults:2)
  A jumping spider (Spider:4)
  2 redbacks
  24 dancing weapons
  An orc (D:9)
  39 fungi
  27 plants
  45 spectral weapons
  7 tentacles (Shoals:4)
148 creatures vanquished.

Grand Total: 1417 creatures vanquished

Notes
Turn   | Place    | Note
-------+----------+-------------------------------------------
     0 | D:1      | CaveCrawler the Gnoll Skald began the quest for the Orb.
     0 | D:1      | Reached XP level 1. HP: 20/20 MP: 6/6
   214 | D:1      | Reached XP level 2. HP: 26/26 MP: 7/7
   218 | D:1      | Learned a level 2 spell: Shroud of Golubria
   919 | D:2      | Reached skill level 5 in Spellcasting
   919 | D:2      | Reached XP level 3. HP: 26/31 MP: 7/9
   941 | D:2      | Learned a level 3 spell: Spectral Weapon
   945 | D:2      | Learned a level 3 spell: Regeneration
  1183 | D:2      | Reached skill level 1 in Invocations
  1203 | D:2      | Found a blossoming altar of Fedhas.
  1330 | D:2      | Reached skill level 1 in Short Blades
  1330 | D:2      | Reached skill level 1 in Long Blades
  1330 | D:2      | Reached skill level 1 in Axes
  1330 | D:2      | Reached skill level 1 in Maces & Flails
  1330 | D:2      | Reached skill level 1 in Staves
  1330 | D:2      | Reached skill level 1 in Slings
  1330 | D:2      | Reached skill level 1 in Bows
  1330 | D:2      | Reached skill level 1 in Crossbows
  1330 | D:2      | Reached skill level 1 in Throwing
  1330 | D:2      | Reached skill level 1 in Stealth
  1330 | D:2      | Reached skill level 1 in Shields
  1330 | D:2      | Reached skill level 1 in Unarmed Combat
  1330 | D:2      | Reached skill level 1 in Evocations
  1526 | D:3      | Reached XP level 4. HP: 38/38 MP: 11/11
  1527 | D:3      | Noticed a black bear
  1653 | D:3      | Noticed Ijyb
  1662 | D:3      | Killed Ijyb
  1672 | D:3      | Noticed Grinder
  1680 | D:3      | Paralysed by Grinder for 6 turns
  1687 | D:3      | Paralysed by Grinder for 7 turns
  1698 | D:4      | Found a snail-covered altar of Cheibriados.
  1898 | D:3      | Reached skill level 1 in Conjurations
  1898 | D:3      | Reached skill level 1 in Hexes
  1898 | D:3      | Reached skill level 1 in Summonings
  1898 | D:3      | Reached skill level 1 in Necromancy
  1898 | D:3      | Reached skill level 1 in Translocations
  1898 | D:3      | Reached skill level 1 in Transmutations
  1898 | D:3      | Reached skill level 1 in Fire Magic
  1898 | D:3      | Reached skill level 1 in Ice Magic
  1898 | D:3      | Reached skill level 1 in Air Magic
  1898 | D:3      | Reached skill level 1 in Earth Magic
  1898 | D:3      | Reached skill level 1 in Poison Magic
  1914 | D:3      | Killed a black bear
  1914 | D:3      | Reached XP level 5. HP: 41/43 MP: 8/12
  2061 | D:3      | Killed Grinder
  2061 | D:3      | Reached skill level 5 in Fighting
  2061 | D:3      | Reached skill level 5 in Polearms
  2061 | D:3      | Reached skill level 5 in Dodging
  2061 | D:3      | Reached skill level 2 in Invocations
  2061 | D:3      | Reached XP level 6. HP: 39/51 MP: 11/14
  2276 | D:3      | Found a runed translucent door.
  2277 | D:3      | Noticed Crazy Yiuf
  2294 | D:3      | Killed Crazy Yiuf
  2524 | D:4      | Reached XP level 7. HP: 21/56 MP: 15/15
  3611 | D:5      | Entered Level 5 of the Dungeon
  3655 | D:5      | Reached skill level 3 in Invocations
  4199 | D:6      | Reached XP level 8. HP: 48/63 MP: 16/16
  4405 | D:6      | Found a white marble altar of Elyvilon.
  4433 | D:6      | Learned a level 3 spell: Tukima's Dance
  4437 | D:6      | Learned a level 3 spell: Dazzling Spray
  4441 | D:6      | Learned a level 3 spell: Confuse
  4567 | D:6      | Found Izituo's Assorted Antiques.
  4922 | D:7      | Reached skill level 4 in Invocations
  4922 | D:7      | Reached XP level 9. HP: 54/69 MP: 13/18
  5259 | D:7      | Got a slimy flail
  5260 | D:7      | Identified the +11 flail of Lurula {holy, rElec} (You found
                  | it on level 7 of the Dungeon)
  5299 | D:7      | Reached skill level 5 in Armour
  5320 | D:7      | Found a staircase to the Ecumenical Temple.
  5350 | Temple   | Entered the Ecumenical Temple
  5449 | Temple   | Became a worshipper of Ashenzari the Shackled
  6082 | D:8      | Noticed Joseph
  6124 | D:8      | Reached skill level 5 in Invocations
  6160 | D:8      | Noticed a two-headed ogre
  6168 | D:8      | Killed a two-headed ogre
  6168 | D:8      | Reached XP level 10. HP: 69/77 MP: 13/20
  6234 | D:8      | Reached skill level 5 in Short Blades
  6234 | D:8      | Reached skill level 5 in Long Blades
  6234 | D:8      | Reached skill level 5 in Axes
  6234 | D:8      | Reached skill level 5 in Maces & Flails
  6234 | D:8      | Reached skill level 5 in Staves
  6234 | D:8      | Reached skill level 5 in Slings
  6234 | D:8      | Reached skill level 5 in Bows
  6234 | D:8      | Reached skill level 5 in Crossbows
  6234 | D:8      | Reached skill level 5 in Throwing
  6234 | D:8      | Reached skill level 5 in Stealth
  6234 | D:8      | Reached skill level 5 in Shields
  6234 | D:8      | Reached skill level 5 in Unarmed Combat
  6234 | D:8      | Reached skill level 5 in Evocations
  6347 | D:8      | Killed Joseph
  6477 | D:8      | Noticed Gastronok
  6506 | D:8      | Killed Gastronok
  6506 | D:8      | Reached skill level 6 in Invocations
  6658 | D:9      | Noticed a two-headed ogre
  6666 | D:9      | Killed a two-headed ogre
  6666 | D:9      | Reached XP level 11. HP: 79/84 MP: 15/22
  6766 | D:9      | Noticed Psyche
  6773 | D:9      | Killed Psyche
  6903 | D:9      | Noticed a two-headed ogre
  6913 | D:9      | Killed a two-headed ogre
  6913 | D:9      | Reached skill level 5 in Conjurations
  6913 | D:9      | Reached skill level 5 in Hexes
  6913 | D:9      | Reached skill level 5 in Summonings
  6913 | D:9      | Reached skill level 5 in Necromancy
  6913 | D:9      | Reached skill level 5 in Translocations
  6913 | D:9      | Reached skill level 5 in Transmutations
  6913 | D:9      | Reached skill level 5 in Fire Magic
  6913 | D:9      | Reached skill level 5 in Ice Magic
  6913 | D:9      | Reached skill level 5 in Air Magic
  6913 | D:9      | Reached skill level 5 in Earth Magic
  6913 | D:9      | Reached skill level 5 in Poison Magic
  7303 | D:9      | Found a staircase to the Orcish Mines.
  7400 | D:9      | Reached skill level 7 in Invocations
  7732 | D:10     | Entered Level 10 of the Dungeon
  7773 | D:10     | Identified the ring of Pragmatism {rCorr rF+}
  7773 | D:10     | Found a flagged portal.
  7787 | Bailey   | Entered a bailey
  7787 | Bailey   | Reached * piety under Ashenzari
  8211 | Bailey   | Got the dagger of Action {drain, rF+}
  8212 | Bailey   | Identified the +7 dagger of Action {drain, rF+} (You found
                  | it in a bailey)
  8214 | Bailey   | Found a roughly hewn altar of Beogh.
  8214 | Bailey   | Noticed an orc knight
  8215 | Bailey   | Identified the ring "Riehug" {rPois rC+}
  8238 | Bailey   | Killed an orc knight
  8416 | D:10     | Found a staircase to the Lair.
  8416 | D:10     | Noticed a death yak
  8416 | D:10     | Noticed a death yak
  8416 | D:10     | Noticed a death yak
  8458 | D:10     | Killed a death yak
  8458 | D:10     | Reached XP level 12. HP: 32/93 MP: 20/24
  8658 | D:10     | Found Lunuqele's Gadget Shoppe.
  8697 | D:10     | Paralysed by a hornet for 3 turns
  8822 | D:10     | Found a sparkling altar of Nemelex Xobeh.
  9173 | Lair:1   | Entered Level 1 of the Lair of Beasts
  9662 | Lair:1   | Noticed a four-headed hydra
  9671 | Lair:1   | Killed a four-headed hydra
 10047 | Lair:2   | Reached ** piety under Ashenzari
 10248 | Lair:2   | Reached skill level 8 in Invocations
 10320 | Lair:2   | Noticed Prince Ribbit
 10329 | Lair:2   | Killed Prince Ribbit
 10414 | Lair:2   | Found a hole to the Spider Nest.
 10592 | Lair:2   | Learned a level 1 spell: Confusing Touch
 11424 | Lair:3   | Learned a level 4 spell: Sticky Flame
 11488 | Lair:3   | Reached XP level 13. HP: 101/101 MP: 26/26
 11492 | Lair:3   | Reached XP level 14. HP: 108/108 MP: 27/27
 11545 | Lair:3   | Found a runed translucent door.
 11545 | Lair:3   | Noticed Pooter's ghost (journeyman GrBe)
 11566 | Lair:3   | Killed Pooter's ghost
 11566 | Lair:3   | Reached skill level 9 in Invocations
 11839 | Lair:3   | Found a staircase to the Shoals.
 12329 | Lair:4   | Noticed Josephine
 12449 | Lair:4   | Killed Josephine
 12782 | Lair:5   | Reached *** piety under Ashenzari
 13027 | Lair:5   | Reached skill level 10 in Spellcasting
 13230 | Lair:5   | Found a staircase to the Slime Pits.
 13231 | Lair:5   | Found a viscous altar of Jiyva.
 13644 | Lair:6   | Entered Level 6 of the Lair of Beasts
 13701 | Lair:6   | Reached **** piety under Ashenzari
 13712 | Lair:6   | Reached skill level 10 in Fighting
 13712 | Lair:6   | Reached skill level 10 in Polearms
 13712 | Lair:6   | Reached skill level 10 in Dodging
 14010 | Lair:6   | Reached skill level 10 in Invocations
 14201 | Lair:6   | Reached XP level 15. HP: 91/115 MP: 29/29
 14900 | Orc:1    | Entered Level 1 of the Orcish Mines
 15407 | Orc:1    | Found a roughly hewn altar of Beogh.
 15562 | Orc:1    | Found a roughly hewn altar of Beogh.
 15933 | Orc:2    | Entered Level 2 of the Orcish Mines
 16086 | Orc:2    | Reached skill level 10 in Armour
 16483 | Orc:2    | Found a staircase to the Elven Halls.
 16491 | Orc:2    | Noticed an orc warlord
 16876 | Orc:2    | Killed an orc warlord
 16995 | Orc:2    | Noticed Blork the orc
 17018 | Orc:2    | Killed Blork the orc
 17070 | Orc:2    | Noticed Saint Roka
 17383 | Orc:2    | Paralysed by an orc sorcerer for 2 turns
 17884 | Orc:2    | Found a roughly hewn altar of Beogh.
 17887 | Orc:2    | Found Aquylisa's Antique Armour Emporium.
 17912 | Orc:2    | Found Xaec's General Store.
 18000 | Orc:2    | Killed Saint Roka
 18000 | Orc:2    | Reached skill level 10 in Charms
 18190 | Orc:2    | Found Enuareon's Antique Weapon Emporium.
 18205 | Orc:2    | Found Wushryklo's Jewellery Emporium.
 18280 | Orc:2    | Bought the +2 Maxwell's thermic engine {flame, freeze} for
                  | 616 gold pieces
 18280 | Orc:2    | Found the +2 Maxwell's thermic engine {flame, freeze}
 18281 | Orc:2    | Bought a scroll of remove curse for 42 gold pieces
 18401 | D:10     | Reached skill level 10 in Short Blades
 18401 | D:10     | Reached skill level 10 in Long Blades
 18401 | D:10     | Reached skill level 10 in Axes
 18401 | D:10     | Reached skill level 10 in Maces & Flails
 18401 | D:10     | Reached skill level 10 in Staves
 18401 | D:10     | Reached skill level 10 in Slings
 18401 | D:10     | Reached skill level 10 in Bows
 18401 | D:10     | Reached skill level 10 in Crossbows
 18401 | D:10     | Reached skill level 10 in Throwing
 18401 | D:10     | Reached skill level 10 in Stealth
 18401 | D:10     | Reached skill level 10 in Shields
 18401 | D:10     | Reached skill level 10 in Unarmed Combat
 18401 | D:10     | Reached skill level 10 in Evocations
 18515 | D:11     | Found a shadowy altar of Dithmenos.
 18574 | D:11     | Reached ***** piety under Ashenzari
 19362 | D:12     | Reached XP level 16. HP: 113/125 MP: 31/31
 19415 | D:12     | Reached skill level 11 in Invocations
 19769 | Shoals:1 | Entered Level 1 of the Shoals
 20075 | Shoals:1 | Found Owiptil's Antique Armour Boutique.
 20088 | Shoals:1 | Bought a runed helmet for 195 gold pieces
 20158 | Shoals:1 | Noticed a titan
 20817 | Shoals:2 | Noticed Kirke
 20829 | Shoals:2 | Killed Kirke
 21192 | Shoals:3 | Noticed Ilsuiw
 21953 | Shoals:3 | Reached ****** piety under Ashenzari
 22014 | Shoals:2 | Killed Ilsuiw
 22261 | Shoals:4 | Entered Level 4 of the Shoals
 22637 | Shoals:4 | Learned a level 2 spell: Swiftness
 22656 | Shoals:4 | Learned a level 1 spell: Apportation
 22660 | Shoals:4 | Learned a level 3 spell: Conjure Flame
 22665 | Shoals:4 | Learned a level 4 spell: Force Lance
 22669 | Shoals:4 | Learned a level 3 spell: Mephitic Cloud
 22672 | Shoals:4 | Learned a level 2 spell: Passwall
 23002 | Shoals:4 | Reached XP level 17. HP: 129/133 MP: 30/32
 23039 | Shoals:4 | Identified the cursed +1 plate armour of the Forsaken
                  | Allies {rPois Stlth+}
 23203 | Shoals:4 | Got the war axe "Dragonbane" {drain, +Inv MR+ Dex+4}
 23964 | Shoals:4 | Found Heanyafa's Assorted Antiques.
 23972 | Shoals:4 | Bought a warped turquoise ring for 155 gold pieces
 23972 | Shoals:4 | Identified the ring of Elyvilon's Approval {*Tele MR+} (You
                  | bought it in a shop on level 4 of the Shoals)
 23972 | Shoals:4 | Bought a scroll labeled ANEFUE UDAHIN for 31 gold pieces
 23974 | Shoals:4 | Identified the +7 war axe "Dragonbane" {drain, +Inv MR+
                  | Dex+4} (You found it on level 4 of the Shoals)
 24087 | Shoals:3 | Reached skill level 12 in Invocations
 24789 | Shoals:4 | Got a barnacled rune of Zot
 24985 | Spider:1 | Entered Level 1 of the Spider Nest
 25435 | Spider:1 | Learned a level 2 spell: Poisonous Vapours
 26261 | Spider:2 | Noticed Aizul
 26282 | Spider:1 | Killed Aizul
 26282 | Spider:1 | Reached XP level 18. HP: 83/141 MP: 32/34
 26481 | Spider:2 | Reached skill level 10 in Conjurations
 26481 | Spider:2 | Reached skill level 10 in Hexes
 26481 | Spider:2 | Reached skill level 10 in Summonings
 26481 | Spider:2 | Reached skill level 10 in Necromancy
 26481 | Spider:2 | Reached skill level 10 in Translocations
 26481 | Spider:2 | Reached skill level 10 in Transmutations
 26481 | Spider:2 | Reached skill level 10 in Fire Magic
 26481 | Spider:2 | Reached skill level 10 in Ice Magic
 26481 | Spider:2 | Reached skill level 10 in Air Magic
 26481 | Spider:2 | Reached skill level 10 in Earth Magic
 26481 | Spider:2 | Reached skill level 10 in Poison Magic
 26535 | Spider:2 | Noticed Arachne
 26554 | Spider:2 | Killed Arachne
 26775 | Spider:2 | Noticed Frances
 26785 | Spider:2 | Killed Frances
 27135 | Spider:3 | Identified a scroll of acquirement
 27517 | Spider:3 | Found a runed translucent gate.
 27517 | Spider:3 | Found a runed translucent gate.
 27517 | Spider:3 | Found a runed translucent gate.
 27518 | Spider:3 | Noticed Pooter's ghost (journeyman MiBe)
 27519 | Spider:3 | Identified the ring of Reimbursement {Int+5 Slay+3}
 27554 | Spider:3 | Upgraded the game from 0.24-a0-278-gefa1973 to
                  | 0.24-a0-280-g7cec4da
 27782 | Spider:3 | Identified the +1 chain mail of the Jackalope {+Blink rN++
                  | rCorr Int-5}
 27850 | Spider:3 | Killed Pooter's ghost
 27876 | Spider:3 | Got the uncursed pair of gloves of Irisk {rElec rPois rF-}
 27887 | Spider:3 | Identified the +3 pair of gloves of Irisk {rElec rPois rF-}
                  | (You found it on level 3 of the Spider Nest)
 27899 | Spider:3 | Learned a level 5 spell: Yara's Violent Unravelling
 27905 | Spider:3 | Learned a level 5 spell: Aura of Abjuration
 28026 | Spider:4 | Entered Level 4 of the Spider Nest
 28116 | Spider:4 | Noticed Mara
 28124 | Spider:4 | Noticed CaveCrawler's illusion
 28152 | Spider:4 | Killed Mara
 28152 | Spider:4 | Reached skill level 13 in Invocations
 28938 | Spider:4 | Reached XP level 19. HP: 102/148 MP: 31/36
 29199 | Spider:4 | HP: 6/149 [poisoned by a wolf spider]
 29493 | Spider:4 | Got a gossamer rune of Zot
 30859 | D:14     | Noticed Agnes
 30868 | D:14     | Killed Agnes
 30995 | D:14     | Found a gate to the Vaults.
 31344 | D:14     | Gained mutation: You tend to lose your temper in combat.
                  | [potion of mutation]
 31344 | D:14     | Gained mutation: You are partially covered in molten
                  | scales. (AC +2) [potion of mutation]
 31345 | D:14     | Lost mutation: You tend to lose your temper in combat.
                  | [potion of mutation]
 31345 | D:14     | Lost mutation: You are partially covered in molten scales.
                  | (AC +2) [potion of mutation]
 31345 | D:14     | Gained mutation: Your spells are a little harder to cast,
                  | but a little more powerful. [potion of mutation]
 31345 | D:14     | Gained mutation: You have a pair of small antennae on your
                  | head. [potion of mutation]
 31346 | D:14     | Lost mutation: Your spells are a little harder to cast, but
                  | a little more powerful. [potion of mutation]
 31346 | D:14     | Lost mutation: You have a pair of small antennae on your
                  | head. [potion of mutation]
 31346 | D:14     | Gained mutation: You are dopey. (Int -2) [potion of
                  | mutation]
 31346 | D:14     | Gained mutation: You expend magic power (3 MP) to
                  | strengthen your wands. [potion of mutation]
 31346 | D:14     | Gained mutation: You are partially covered in slimy green
                  | scales. (AC +2) [potion of mutation]
 31346 | D:14     | Gained mutation: Your muscles are strong. (Str +2) [potion
                  | of mutation]
 31812 | D:15     | Entered Level 15 of the Dungeon
 31883 | D:15     | Found a staircase to the Depths.
 32273 | D:15     | Noticed Jorgrun
 32281 | D:15     | Killed Jorgrun
 32543 | Vaults:1 | Entered Level 1 of the Vaults
 32797 | Vaults:1 | Found a magical portal.
 32827 | WizLab   | Entered Doroklohe's Tomb
 33096 | WizLab   | Identified the +1 leather armour of Gluttony {Regen+ rCorr
                  | MP+9 Int+4}
 33225 | WizLab   | Identified the cursed +0 pair of gloves "Loirch" {rC+
                  | Str+3}
 33411 | WizLab   | Noticed an electric golem
 33434 | WizLab   | Killed an electric golem
 33707 | Vaults:1 | Identified the ring "Mayn" {*Drain +Fly Int+3 Dex+7}
 33712 | Vaults:1 | Reached XP level 20. HP: 157/157 MP: 37/37
 34065 | Vaults:1 | Identified the cursed +1 hand crossbow "Acvaquemn"
                  | {velocity, Dex+6}
 34219 | Vaults:1 | Reached skill level 14 in Invocations
 34661 | Vaults:2 | Paralysed by an ogre mage for 5 turns
 34666 | Vaults:2 | Mangled by an ironbrand convoker

Levels and vault maps discovered:
D:1:      dpeg_arrival_renting, layout_basic
D:2:      layout_basic, fedhas_ov_isle_minmay
D:3:      cheibrodos_greedy_goblins, layout_rooms, first_ration, uniq_grinder,
          uniq_crazy_yiuf_cottage, uniq_ijyb
D:4:      layout_basic, cheibriados_altar_1
D:5:      layout_cave_pools
D:6:      layout_gridville, serial_shops, kennysheep_little_box,
          elyvilon_altar_3
D:7:      layout_basic, temple_statues, minivault_4, grunt_livestock
D:8:      layout_loops_cross, kennysheep_boxes, uniq_joseph, uniq_gastronok
D:9:      cheibrodos_elevator_heist, layout_stronghold, erik_orc_3, uniq_psyche
D:10:     layout_irregular_city, dpeg_lair_monsters, enter_bailey_2,
          serial_shops, shop, small_statue_alley_a, nemelex_diamond_rough_becter
D:11:     layout_roguey, nicolae_dithmenos_shadow_blocks
D:12:     layout_big_octagon
D:13:     layout_basic, minmay_misc_feat_tower
D:14:     layout_cave_pods, skrybe_vaults_entry_preservation, kennysheep_path_1,
          minmay_variable_closet, grunt_ministairs_9,
          minmay_beelzebubs_servants, uniq_agnes
D:15:     hangedman_depths_entry_civil_slaughter, layout_long_grid,
          corexii_hall_statues_u, uniq_jorgrun
Temple:   kilobyte_greek_temple
Lair:1:   layout_cave_shapes
Lair:2:   layout_cave_pods, spider_nest_entry_webs, uniq_prince_ribbit2
Lair:3:   layout_layer_cave, minmay_shoals_entry_beasts,
          ebering_ghost_inner_flame
Lair:4:   layout_layer_cave, chequers_serial_rivers_room_b,
          chequers_serial_rivers_large_b, lemuel_fruit_fields, uniq_josephine
Lair:5:   layout_hall_layers, slime_altar_1, grunt_megastairs_1
Lair:6:   gammafunk_lair_ancient_temple, layout_loops_ring,
          grunt_forest_small_clearings
Shoals:1: cheibrodos_shoals_gigantism, layout_shoals, serial_shops,
          nicolae_shop_statue_plus
Shoals:2: layout_shoals, uniq_kirke
Shoals:3: layout_shoals, uniq_ilsuiw
Shoals:4: shoals_end_grunt_ice, layout_shoals, serial_shops,
          nicolae_shop_overgrown_old_shop
Spider:1: layout_spider_delve
Spider:2: layout_spider_delve, uniq_arachne, uniq_frances, uniq_aizul
Spider:3: layout_spider_delve, gammafunk_ghost_tricky_traps,
          hangedman_stitches_earthworm
Spider:4: guppyfry_spider_rune, drop_trap, hangedman_spider_mandibles,
          nicolae_spider_circle_web, nicolae_looking_at_the_future, uniq_mara
Orc:1:    layout_diamond_mine, basic_altar, minmay_orc_temple_a
Orc:2:    grunt_orc_cross, layout_caves, elves_outpost_lemuel
Vaults:1: vaults_mumra_bighexcomb, nicolae_vaults_ring_of_whatevers, v_misc_26,
          ontoclasm_vaults_gateway, vaults_room_grunt_arrival_ludios,
          vaults_dpeg_diagonal, v_pattern_3, layout_vaults_omnigrid,
          infiniplex_enter_wizlab_glasses
Vaults:2: nicolae_vaults_circle_grid_b, nicolae_vaults_theta,
          nicolae_vaults_circle_grid_b, v_misc_12, vaults_room_semicircle,
          hangedman_vaults_nails, v_misc_25, vaults_room_hangedman_quadrants,
          v_misc_10, nicolae_vaults_little_squares_2, hangedman_vaults_snaps,
          hangedman_vaults_trim, layout_vaults_omnicross

Skill      XL: |  1  2  3  4  5  6  7  8  9 10 11 12 13 14 15 16 17 18 19 20 |
---------------+-------------------------------------------------------------+-----
Spellcasting   | 5 6 7 8 9 10 11 12 13 | 13.8
Invocations    | 1 2 3 4 5 6 7 8 10 11 12 13 14 | 14.1
Short Blades   | 1 2 3 4 5 6 7 8 9 10 11 12 13 | 13.1
Long Blades    | 1 2 3 4 5 6 7 8 9 10 11 12 13 | 13.1
Axes           | 1 2 3 4 5 6 7 8 9 10 11 12 13 | 13.1
Maces & Flails | 1 2 3 4 5 6 7 8 9 10 11 12 13 | 13.1
Staves         | 1 2 3 4 5 6 7 8 9 10 11 12 13 | 13.1
Slings         | 1 2 3 4 5 6 7 8 9 10 11 12 13 | 13.1
Bows           | 1 2 3 4 5 6 7 8 9 10 11 12 13 | 13.1
Crossbows      | 1 2 3 4 5 6 7 8 9 10 11 12 13 | 13.1
Throwing       | 1 2 3 4 5 6 7 8 9 10 11 12 13 | 13.1
Stealth        | 1 2 3 4 5 6 7 8 9 10 11 12 13 | 13.1
Shields        | 1 2 3 4 5 6 7 8 9 10 11 12 13 | 13.1
Unarmed Combat | 1 2 3 4 5 6 7 8 9 10 11 12 13 | 13.1
Evocations     | 1 2 3 4 5 6 7 8 9 10 11 12 13 | 13.1
Conjurations   | 1 2 3 4 5 6 7 8 9 10 11 | 11.2
Hexes          | 1 2 3 4 5 6 7 8 9 10 11 | 11.2
Summonings     | 1 2 3 4 5 6 7 8 9 10 11 | 11.2
Necromancy     | 1 2 3 4 5 6 7 8 9 10 11 | 11.2
Translocations | 1 2 3 4 5 6 7 8 9 10 11 | 11.2
Transmutations | 1 2 3 4 5 6 7 8 9 10 11 | 11.2
Fire Magic     | 1 2 3 4 5 6 7 8 9 10 11 | 11.2
Ice Magic      | 1 2 3 4 5 6 7 8 9 10 11 | 11.2
Air Magic      | 1 2 3 4 5 6 7 8 9 10 11 | 11.2
Earth Magic    | 1 2 3 4 5 6 7 8 9 10 11 | 11.2
Poison Magic   | 1 2 3 4 5 6 7 8 9 10 11 | 11.2
Armour         | 3 4 5 6 7 8 9 10 11 12 13 | 13.3
Fighting       | 5 6 7 8 9 10 11 12 13 | 13.7
Polearms       | 5 6 7 8 9 10 11 12 13 | 13.7
Dodging        | 5 6 7 8 9 10 11 12 13 | 13.7
Charms         | 6 7 8 9 10 11 12 | 12.3

Action                   |  1- 3 |  4- 6 |  7- 9 | 10-12 | 13-15 | 16-18 | 19-21 || total
-------------------------+-------+-------+-------+-------+-------+-------+-------++-------
Melee: Spear             |    44 |       |       |       |       |       |       ||    44
       Whip              |    58 |    66 |       |       |       |       |       ||   124
       Bite              |     5 |     9 |    35 |    58 |   162 |   162 |   105 ||   536
       Quarterstaff      |       |    17 |    58 |       |       |       |       ||    75
       Punch             |       |     1 |       |       |       |       |       ||     1
       Halberd           |       |       |    53 |       |       |       |       ||    53
       Trident           |       |       |    84 |    75 |       |       |       ||   159
       Flail             |       |       |    68 |   494 |  1031 |    11 |       ||  1604
       Double sword      |       |       |       |       |   131 |  1154 |   617 ||  1902
Throw: Javelin           |       |       |     1 |     6 |     3 |    81 |       ||    91
 Cast: Shroud of Golubri |     1 |       |       |       |       |       |       ||     1
       Infusion          |     1 |       |       |       |       |       |       ||     1
       Spectral Weapon   |       |     6 |    15 |    36 |    49 |    79 |    21 ||   206
       Regeneration      |       |       |     7 |     3 |    19 |    35 |     2 ||    66
       Tukima's Dance    |       |       |       |     2 |    34 |    51 |     3 ||    90
       Dazzling Spray    |       |       |       |     1 |       |    11 |       ||    12
       Confuse           |       |       |       |       |     1 |       |       ||     1
       Confusing Touch   |       |       |       |       |     1 |       |       ||     1
       Poisonous Vapours |       |       |       |       |       |    30 |     7 ||    37
       Conjure Flame     |       |       |       |       |       |     5 |       ||     5
       Aura of Abjuratio |       |       |       |       |       |     3 |       ||     3
       Sticky Flame      |       |       |       |       |       |       |     1 ||     1
       Yara's Violent Un |       |       |       |       |       |       |     1 ||     1
Invok: Curse Item        |       |       |       |     3 |     3 |     2 |     1 ||     9
Evoke: Wand              |       |       |     3 |       |     7 |       |       ||    10
       Lightning rod     |       |       |       |       |     3 |       |       ||     3
  Use: Scroll            |     6 |     4 |     7 |     7 |     6 |    24 |     6 ||    60
       Potion            |       |       |       |       |     7 |     3 |     4 ||    14
 Stab: Sleeping          |     1 |       |     1 |    12 |    16 |    24 |    15 ||    69
       Distracted        |       |       |     1 |     4 |    10 |    14 |     6 ||    35
       Invisible         |       |       |       |       |     4 |     2 |       ||     6
       Confused          |       |       |       |       |     3 |       |       ||     3
  Eat: Chunk             |     2 |     4 |    10 |    15 |    29 |    29 |    13 ||   102
       Ration            |       |       |     1 |     2 |       |     2 |     2 ||     7
Armor: Leather armour    |    19 |    21 |    81 |     8 |       |       |    40 ||   169
       Ring mail         |       |       |       |   167 |   332 |   452 |   114 ||  1065
Dodge: Dodged            |    53 |    63 |   153 |   288 |   517 |   863 |   315 ||  2252
Block: Shield            |       |       |    64 |   259 |   615 |   912 |   364 ||  2214
       Reflection        |       |       |       |       |       |       |    13 ||    13
       Rpst.: Double sword |       |       |       |       |    14 |   154 |    57 ||   225

Table legend:
 A = Non-vault XP
 B = Vault XP
 C = Vault XP percentage of total XP
 D = Non-vault monster count
 E = Vault monster count
 F = Vault count percentage of total count
                 A         B        C        D         E       F
            +---------+---------+-------+---------+---------+-------
      Total |  223602 |  188353 |  45.7 |     884 |     384 |  30.3
            +---------+---------+-------+---------+---------+-------
        D:1 |      22 |       0 |   0.0 |      14 |       0 |   0.0
        D:2 |      59 |       0 |   0.0 |      19 |       0 |   0.0
        D:3 |     146 |     370 |  71.7 |      12 |      14 |  53.8
        D:4 |     398 |       0 |   0.0 |      22 |       0 |   0.0
        D:5 |     118 |       0 |   0.0 |       3 |       0 |   0.0
        D:6 |     426 |       0 |   0.0 |       9 |       0 |   0.0
        D:7 |    1172 |     997 |  46.0 |      29 |       5 |  14.7
        D:8 |    2144 |    2788 |  56.5 |      22 |       2 |   8.3
        D:9 |    4702 |    2289 |  32.7 |      27 |      22 |  44.9
       D:10 |    1876 |    3249 |  63.4 |      21 |       6 |  22.2
       D:11 |    5472 |       0 |   0.0 |      32 |       0 |   0.0
       D:12 |    4708 |       0 |   0.0 |      39 |       0 |   0.0
       D:13 |    4216 |       0 |   0.0 |      18 |       0 |   0.0
       D:14 |    5952 |   12106 |  67.0 |      22 |      24 |  52.2
       D:15 |    9392 |    7718 |  45.1 |      28 |       7 |  20.0
     Lair:1 |    2390 |       0 |   0.0 |       8 |       0 |   0.0
     Lair:2 |    6244 |    1973 |  24.0 |      26 |       8 |  23.5
     Lair:3 |    1772 |    2771 |  61.0 |       8 |       4 |  33.3
     Lair:4 |    2773 |    1679 |  37.7 |       8 |       4 |  33.3
     Lair:5 |    5622 |    3005 |  34.8 |      15 |      11 |  42.3
     Lair:6 |   15835 |    8938 |  36.1 |      55 |      22 |  28.6
   Shoals:1 |    6418 |    2539 |  28.3 |      14 |       3 |  17.6
   Shoals:2 |   11064 |    4505 |  28.9 |      29 |       6 |  17.1
   Shoals:3 |    8972 |    4259 |  32.2 |      21 |       6 |  22.2
   Shoals:4 |   15227 |   22069 |  59.2 |      29 |      34 |  54.0
   Spider:1 |   26479 |    1728 |   6.1 |      77 |       1 |   1.3
   Spider:2 |   21990 |    5638 |  20.4 |      63 |       2 |   3.1
   Spider:3 |   10500 |    7995 |  43.2 |      32 |      24 |  42.9
   Spider:4 |   14527 |   36640 |  71.6 |      36 |      53 |  59.6
      Orc:1 |    4978 |     134 |   2.6 |      58 |       6 |   9.4
      Orc:2 |    3350 |   15310 |  82.0 |      32 |      45 |  58.4
   Vaults:1 |    5245 |   23238 |  81.6 |      23 |      32 |  58.2
   Vaults:2 |   19413 |       0 |   0.0 |      33 |       0 |   0.0
     Bailey |       0 |    2375 | 100.0 |       0 |      25 | 100.0
     WizLab |       0 |   14040 | 100.0 |       0 |      18 | 100.0
            +---------+---------+-------+---------+---------+-------
